 Dungeon Sprint DCSS version 0.30-a0-824-g6c64550be9 (webtiles) character file.

Game seed: 12652342942847144723

2379 BigDaddyOpFi the Grappler (level 9, -5/97 HPs)
             Began as a Troll Fighter on Feb 27, 2023.
             Was a High Priest of Wu Jian.
             Slain by a redback (12 damage)
             ... in the Dungeon (Sprint VII: "The Pits").
             The game lasted 00:01:58 (1025 turns).

BigDaddyOpFi the Grappler (Troll Fighter)           Turns: 1025, Time: 00:01:59

Health: -5/97      AC:  7    Str: 30    XL:     9   Next: 22%
Magic:  8/8        EV: 12    Int:  4    God:    Wu Jian [*****.]
Gold:   0          SH: 10    Dex: 12    Spells: 8/8 levels left

rFire   . . .      SeeInvis .      - Unarmed
rCold   . . .      Faith    .    b - +0 kite shield
rNeg    . . .      Spirit   .    a - +0 robe
rPois   .          Reflect  .    (helmet restricted)
rElec   .          Harm     .    (no cloak)
rCorr   .          Rampage  .    (gloves unavailable)
Will    .....      NoTele   +    (boots unavailable)
Stlth   +                        (no amulet)
HPRegen 1.16/turn                e - +3 ring of protection
MPRegen 0.11/turn                k - +3 ring of dexterity

@: slowed, very slow
A: large, unfitting armour, claws 3, regeneration 1, shaggy fur 1, tough skin 1
a: Renounce Religion, Wall Jump, Serpent's Lash, Heavenly Storm


You were in the Dungeon.
You worshipped Wu Jian.
Wu Jian was extremely pleased with you.
You visited 1 branch

Inventory:

Armour
 a - a +0 robe (worn)
 b - a +0 kite shield (worn)
Jewellery
 e - a +3 ring of protection (left claw)
 k - a +3 ring of dexterity (right claw)
Scrolls
 i - a scroll of blinking
Potions
 d - 5 potions of curing
 f - a potion of haste
 g - 4 potions of magic
 h - 2 potions of berserk rage
 j - 2 potions of invisibility
 l - 4 potions of brilliance
 m - 2 potions of might


   Skills:
 + Level 8.4 Fighting
 + Level 8.4 Dodging
 + Level 9.3 Shields
 * Level 13.5 Unarmed Combat


You had 8 spell levels left.
You didn't know any spells.
Your spell library was empty.

Dungeon Overview and Level Annotations

Branches:
Dungeon (1/1)

Altars:
Ashenzari
Cheibriados
Dithmenos
Elyvilon
Fedhas
Gozag
Hepliaklqana
Kikubaaqudgha
Makhleb
Nemelex Xobeh
Okawaru
Qazlal
Ru
Sif Muna
Trog
Uskayaw
Vehumet
Wu Jian
Xom
Yredelemnul
Zin
The Shining One
Jiyva
Lugonu


Innate Abilities, Weirdness & Mutations

You are too large for most types of armour.
You have claws for hands.
Your natural rate of healing is unusually fast.
You are covered in fur. (AC +1)
You have tough skin. (AC +1)


Message History

You are covered in liquid flames!
The redback bites you but does no damage.
The wight closely misses you.
The deep elf pyromancer hits you with a +0 dagger.
The redback bites you but does no damage.
The deep elf pyromancer casts a spell.
The deep elf pyromancer blinks!
The redback misses you.
You mangle the wight!!
You destroy the wight!
The Council accepts your kill. The redback closely misses you.
A guardian mummy comes into view.
The redback bites you!
You are lethally poisoned!
The redback poisons you!
You scratch the wight but do no damage.
* * * LOW HITPOINT WARNING * * *
You feel extremely sick. You block the redback's attack.
The crimson imp misses you.
The wight hits you with a +1 long sword!
* * * LOW HITPOINT WARNING * * *
You feel better. The redback misses you. You block the crimson imp's attack.
The redback barely misses you. The wight closely misses you.
The deep elf pyromancer mumbles some strange words.
The deep elf pyromancer blinks!
The redback misses you.
The crimson imp hits you but does no damage.
You block the wight's attack.
You mangle the wight!!
You destroy the wight!
The Council accepts your kill. You block the redback's attack.
The crimson imp hits you but does no damage.
The redback barely misses you.
You eviscerate the wight!!!
You destroy the wight!
The Council accepts your kill.
The heavenly storm settles.
The redback bites you!
* * * LOW HITPOINT WARNING * * *
You block the crimson imp's attack. The redback bites you!
You die...

...#.#####'#####''######
####.##.......##††#####
...#†##.......##......+
...'.##.......##......+
#######...<...##.....##
.)))[##.......##...### .
.)))[##.......##§§## ...
#######.......##§§#...#.
.##..###########@s§.....
..#.############M5#...#.
.##.#....#..[[##§z##....
..#'#....#.![[##... ##..
.##.)....'..))##..zz .
..#'#....#!.))###z...
..'.#....#..))# ##...
############### ####


You could see a guardian mummy, a redback, a wight and a crimson imp.

Vanquished Creatures
  A shadow wraith (D)
  4 dream sheep (D)
  A jumping spider (D)
  A ynoxinul (D)
  Menkaure (D)
  2 sky beasts (D)
  A centaur (D)
  A kobold brigand (D)
  2 scorpions (D)
  6 wights (D)
  3 adders (D)
  An ufetubus (D)
  An adder skeleton (D)
  A worm (D)
  A bat skeleton (D)
  A bat zombie (D)
  An endoplasm (D)
  A goblin (D)
  A hobgoblin (D)
  6 jackals (D)
  A ball python zombie (D)
  A kobold (D)
  A quokka skeleton (D)
40 creatures vanquished.

Notes
Turn   | Place    | Note
-------+----------+-------------------------------------------
     0 | D        | BigDaddyOpFi the Troll Fighter began the quest for the Orb.
     0 | D        | Reached XP level 1. HP: 22/22 MP: 0/0
    15 | D        | Found a bloodstained altar of Trog.
    15 | D        | Found a shimmering blue altar of Sif Muna.
    15 | D        | Found a viscous altar of Jiyva.
    15 | D        | Found a hazy altar of Hepliaklqana.
    15 | D        | Found an opulent altar of Gozag.
    16 | D        | Found a glowing golden altar of the Shining One.
    16 | D        | Found a glowing silver altar of Zin.
    16 | D        | Found a basalt altar of Yredelemnul.
    16 | D        | Found a shimmering altar of Xom.
    16 | D        | Found an ornate altar of the Wu Jian Council.
    16 | D        | Found a sacrificial altar of Ru.
    16 | D        | Found a stormy altar of Qazlal.
    16 | D        | Found an iron altar of Okawaru.
    16 | D        | Found a sparkling altar of Nemelex Xobeh.
    16 | D        | Found a burning altar of Makhleb.
    16 | D        | Found a blossoming altar of Fedhas.
    16 | D        | Found a white marble altar of Elyvilon.
    16 | D        | Found a shadowy altar of Dithmenos.
    16 | D        | Found a snail-covered altar of Cheibriados.
    17 | D        | Found a radiant altar of Vehumet.
    17 | D        | Found a corrupted altar of Lugonu.
    18 | D        | Found a hide-covered altar of Uskayaw.
    18 | D        | Found an ancient bone altar of Kikubaaqudgha.
    18 | D        | Found a broken altar of Ashenzari.
    26 | D        | Became a worshipper of the Wu Jian Council
    61 | D        | Reached * piety under Wu Jian
    82 | D        | Reached skill level 3 in Unarmed Combat
    94 | D        | Noticed a scorpion
   107 | D        | Killed a scorpion
   107 | D        | Reached ** piety under Wu Jian
   108 | D        | Reached skill level 5 in Unarmed Combat
   108 | D        | Reached XP level 2. HP: 24/32 MP: 1/1
   108 | D        | Reached XP level 3. HP: 30/39 MP: 2/2
   111 | D        | Reached XP level 4. HP: 37/48 MP: 3/3
   170 | D        | Noticed a sky beast
   170 | D        | Noticed a kobold brigand
   173 | D        | Reached *** piety under Wu Jian
   184 | D        | Reached skill level 6 in Unarmed Combat
   185 | D        | Killed a sky beast
   185 | D        | Reached **** piety under Wu Jian
   186 | D        | Reached skill level 5 in Fighting
   186 | D        | Reached skill level 5 in Dodging
   186 | D        | Reached skill level 5 in Shields
   186 | D        | Reached skill level 7 in Unarmed Combat
   186 | D        | Reached XP level 5. HP: 57/57 MP: 4/4
   193 | D        | Reached skill level 8 in Unarmed Combat
   193 | D        | Reached XP level 6. HP: 63/66 MP: 5/5
   202 | D        | Reached ***** piety under Wu Jian
   203 | D        | Reached skill level 9 in Unarmed Combat
   223 | D        | Noticed a jumping spider
   233 | D        | Killed a jumping spider
   234 | D        | Reached XP level 7. HP: 7/75 MP: 6/6
   527 | D        | Noticed Menkaure
   528 | D        | Killed Menkaure
   529 | D        | Reached skill level 10 in Unarmed Combat
   604 | D        | Noticed a ynoxinul
   610 | D        | Killed a ynoxinul
   611 | D        | Reached skill level 11 in Unarmed Combat
   884 | D        | Noticed a dream sheep
   884 | D        | Noticed a dream sheep
   884 | D        | Noticed a dream sheep
   884 | D        | Noticed a dream sheep
   886 | D        | Killed a dream sheep
   887 | D        | Reached XP level 8. HP: 87/87 MP: 7/7
   889 | D        | Killed a dream sheep
   890 | D        | Reached skill level 12 in Unarmed Combat
   891 | D        | Killed a dream sheep
   894 | D        | Killed a dream sheep
   894 | D        | Reached ****** piety under Wu Jian
  1013 | D        | Noticed a shadow wraith
  1016 | D        | Noticed a deep elf pyromancer
  1017 | D        | Killed a shadow wraith
  1018 | D        | Reached skill level 13 in Unarmed Combat
  1018 | D        | Reached XP level 9. HP: 28/97 MP: 8/8
  1021 | D        | Noticed a guardian mummy
  1025 | D        | Slain by a redback

Illustrated notes

Levels and vault maps discovered:
D:        pitsprint [storerooms_1, entrance_room_1, metal_vault_4, armoury_1,
          mini_pit_1, grid_room_1, main_hall_1, silver_pit, the_coven_1,
          the_vestibule_1, steel_vault_4, golden_pit, hallway_of_sentries,
          crystal_vault_1, iron_vault_2, final_vault]

Skill      XL: |  1  2  3  4  5  6  7  8 |
---------------+-------------------------+-----
Shields        | 4 5 6 8 9 |  9.3
Unarmed Combat | 5 7 8 9 11 13 | 13.5
Fighting       | 3 5 6 7 8 |  8.4
Dodging        | 3 5 6 7 8 |  8.4

Action                     |  1- 3 |  4- 6 |  7- 9 || total
---------------------------+-------+-------+-------++-------
  Melee: Unarmed           |    24 |    45 |    42 ||   111
 Invoke: Heavenly Storm    |       |       |     2 ||     2
Ability: Whirlwind         |     2 |     2 |     2 ||     6
         Lunge             |       |     3 |     2 ||     5
    Use: Potion            |     2 |     1 |     8 ||    11
 Armour: Robe              |     6 |    16 |    14 ||    36
  Dodge: Dodged            |    11 |    37 |    21 ||    69
  Block: Kite shield       |    15 |    31 |    14 ||    60

Table legend: (Time is in decaauts)
 A = Elapsed time spent in this place.
 B = Non-inter-level travel time spent in this place.
 C = Inter-level travel time spent in this place.
 D = Time resting spent in this place.
 E = Time spent auto-exploring this place.
 F = Levels seen in this place.
 G = Mean time per level.
                   A        B        C        D        E       F      G
               +--------+--------+--------+--------+--------+-----+--------+
         Total |   1034 |    966 |     68 |    647 |      0 |   1 | 1034.0 |
       Dungeon |   1034 |    966 |     68 |    647 |      0 |   1 | 1034.0 |
               +--------+--------+--------+--------+--------+-----+--------+

Top non-repeatable levels by time:
       D: 1034 daAuts
